[Event "*** Titled Tuesday Blitz"]
[Site "Chess.com"]
[Date "2019.09.03"]
[Round "10"]
[White "Roman_Ovetchkin"]
[Black "patrisiii123"]
[Result "1-0"]
[WhiteElo "2751"]
[BlackElo "2461"]
[TimeControl "180+2"]
[EndTime "17:17:09 PDT"]
[Termination "Roman_Ovetchkin won by checkmate"]

1. d4 d5 2. c4 e6 3. Nf3 c6 4.
Nbd2 Nf6 5. g3 Bb4 6. Qc2 O-O 7. Bg2 Nbd7 8. O-O b6 9. e4 Bb7 10. e5 Ne8 11. h4 Be7 12. cxd5 cxd5 13. Re1 Rc8 14. Qa4 a6 15. Bf1 b5 16. Qd1 Qb6 17. Bd3 Nb8 18. Nf1 Nc6 19. Bg5 Bxg5 20. Bxh7+ Kh8 21.
Nxg5 g6 22. Nxf7+ Rxf7 23. Bxg6 Rg7 24. Qh5+ Kg8 25. Bxe8 Nxd4 26. Ne3 Qd8 27. Bg6 Qf8 28.
Ng4 Nf3+ 29. Kf1 Qb4 30. Nf6+ Kf8 31. Qh8+ Ke7 32. Qxg7+ Kd8 33. Qd7# 1-0

[Event "*** Titled Tuesday Blitz"]
[Site "Chess.com"]
[Date "2019.09.03"]
[Round "10"]
[White "riconaipe"]
[Black "bluejay1897"]
[Result "1-0"]
[WhiteElo "2553"]
[BlackElo "2295"]
[TimeControl "180+2"]
[EndTime "17:17:14 PDT"]
[Termination "riconaipe won by resignation"]

1. d4 Nf6 2. c4 e6 3. Nc3 d5 4. cxd5 exd5 5. Bg5 Be7 6. e3 O-O 7. Bd3 c6 8. Nge2 Nbd7 9. O-O Re8 10. Qc2 Nf8 11. f3 Ng6 12. Nf4 Nxf4 13. Bxf4 Bd6 14. Bxd6 Qxd6 15. Qf2 Bd7 16. e4 dxe4 17. fxe4 Qe7 18. e5 Ng4 19. Qg3 g6 20. Ne4 Bf5 21.
Nf6+ Nxf6 22. exf6 Qe3+ 23. Qxe3 Rxe3 24. Bxf5 gxf5 25.
Rxf5 Rd8 26. Rd1 Re4 27. d5 cxd5 28. Rfxd5 Rxd5 29. Rxd5 h5 30. Rg5+ Kh7 31. Rg7+ Kh6 32.
Rxf7 Rb4 33. b3 Kg6 34. Rf8 Rb6 35. Kf2 Rc6 36. Kf3 Rc3+ 37. Ke4 Rc2 38. Ke5 Rxa2 39. Rg8+ Kf7 40. Rg7+ Kf8 41. h4 b6 42. g3 Rb2 43. Ke6 Re2+ 44. Kf5 Re3 45. b4 a5 46.
bxa5 bxa5 47. Kf4 Re6 48. Kg5 Re5+ 49. Kg6 Re3 50. Kxh5 a4 51. g4 a3 52. Ra7 1-0

[Event "*** Titled Tuesday Blitz"]
[Site "Chess.com"]
[Date "2019.09.03"]
[Round "10"]
[White "chesstatour"]
[Black "Er_is_geen_hoop_meer"]
[Result "1-0"]
[WhiteElo "2038"]
[BlackElo "2336"]
[TimeControl "180+2"]
[EndTime "17:17:14 PDT"]
[Termination "chesstatour won by resignation"]

1. c4 e5 2. Nc3 g6 3. Nf3 Bg7 4. d4 d6 5. g3 Nd7 6. Bg2 Ngf6 7.
O-O O-O 8. b3 h6 9. Bb2 Nh7 10.
dxe5 dxe5 11. Qc2 c6 12. Rad1 Qe7 13. Ne4 f5 14. Nd6 Ng5 15. Nh4 Rf6 16. Nxc8 Rxc8 17.
Rxd7 Qxd7 18. Bxe5 Re6 19. Bxg7 Qxg7 20. c5 Kh7 21. Qc4 Qe7 22. e3 Rd8 23. Nf3 Ne4 24.
h4 Nxc5 25. Nd4 Re5 26. h5 gxh5 27. Qc2 Ne4 28. Nxf5 Qe6 29. Nd4 Qg6 30. f3 Ng5 31.
Qxg6+ Kxg6 32. f4 Rxe3 33. Nc2 Re2 34. fxg5 hxg5 35. Na3 Rdd2 36. Bf3 Re6 37. Nc4 Rxa2 38. Rf2 b5 39. Rxa2 bxc4 40. bxc4 c5 41. Bd5 g4 42.
Bxe6 Kf6 43. Bd5 Ke5 44. Rd2 1-0

[Event "*** Titled Tuesday Blitz"]
[Site "Chess.com"]
[Date "2019.09.03"]
[Round "10"]
[White "Th3ChessViking"]
[Black "2nd_life"]
[Result "0-1"]
[WhiteElo "2438"]
[BlackElo "2394"]
[TimeControl "180+2"]
[EndTime "17:17:22 PDT"]
[Termination "2nd_life won by resignation"]

1. d4 Nf6 2. c4 e6 3. Nc3 Bb4 4. f3 d5 5. a3 Bxc3+ 6. bxc3 c6 7.
e3 b6 8. cxd5 cxd5 9. Bd3 O-O 10. Qe2 Qc7 11. Bd2 e5 12. Nh3 e4 13. fxe4 dxe4 14.
Bc4 Bg4 15. Qf1 Nc6 16. Nf2 Na5 17. Ba6 Bc8 18. Be2 Be6 19. g4 Nb3 20. Rb1 Nxd2 21.
Kxd2 Rac8 22. Qc1 Bc4 23. g5 Nd5 24. Qc2 Bxe2 25. Kxe2 Nxc3+ 0-1

[Event "*** Titled Tuesday Blitz"]
[Site "Chess.com"]
[Date "2019.09.03"]
[Round "10"]
[White "iLuusions"]
[Black "mortngabriel"]
[Result "1-0"]
[WhiteElo "2587"]
[BlackElo "2325"]
[TimeControl "180+2"]
[EndTime "17:17:23 PDT"]
[Termination "iLuusions won by resignation"]

1. d4 Nf6 2. c4 e6 3. Nf3 b6 4. g3 Ba6 5. Qc2 Bb7 6. Bg2 c5 7. d5 exd5 8. cxd5 Bxd5 9. Nc3 Bc6 10. e4 d6 11. O-O Be7 12. Rd1 Qc7 13. Nh4 g6 14.
Bh6 Ng4 15. Qd2 Nxh6 16. Qxh6 Nd7 17. Bh3 O-O-O 18. Ng2 Kb7 19. Ne3 Ne5 20. Ned5 Qd7 21. Bxd7 1-0

[Event "*** Titled Tuesday Blitz"]
[Site "Chess.com"]
[Date "2019.09.03"]
[Round "10"]
[White "TreabharMakernes"]
[Black "Kimster98"]
[Result "0-1"]
[WhiteElo "2359"]
[BlackElo "2591"]
[TimeControl "180+2"]
[EndTime "17:17:26 PDT"]
[Termination "Kimster98 won by resignation"]

1. e4 d6 2. d4 Nf6 3. Nc3 c6 4. f4 Qa5 5. Bd3 e5 6. Nf3 exd4 7.
Nxd4 g6 8. h3 Bg7 9. Be3 O-O 10.
O-O Nbd7 11. a3 Qc7 12. Qf3 b5 13. e5 dxe5 14. Qxc6 Qxc6 15. Nxc6 exf4 16. Bxf4 a6 17. Bd6 Re8 18. Rae1 Bb7 19. Ne7+ Kh8 20. Ne4 Nxe4 21. Bxe4 Bxe4 22. Rxe4 f5 23. Rh4 Bf6 24. Nxg6+ Kg7 0-1

[Event "*** Titled Tuesday Blitz"]
[Site "Chess.com"]
[Date "2019.09.03"]
[Round "10"]
[White "12teen"]
[Black "ahkashefi2800"]
[Result "1-0"]
[WhiteElo "2728"]
[BlackElo "2151"]
[TimeControl "180+2"]
[EndTime "17:17:33 PDT"]
[Termination "12teen won by checkmate"]

1. g3 d5 2. Bg2 c6 3. d3 Nf6 4. Nc3 Bf5 5. Bd2 e6 6. e4 dxe4 7. dxe4 Bg6 8. Qe2 a5 9. O-O-O Nbd7 10.
f4 Bh5 11. Nf3 Bb4 12. h3 Bxf3 13. Bxf3 Qe7 14. e5 Nd5 15. Ne4 O-O 16. c4 N5b6 17. Be3 Nc5 18. Ng5 a4 19. Qc2 g6 20. h4 Rfd8 21.
h5 Rxd1+ 22. Bxd1 a3 23. b3 Rd8 24. hxg6 fxg6 25. Rxh7 Nd3+ 26. Kb1 Qxh7 27. Nxh7 Kxh7 28. Bxb6 Rd7 29. Qh2+ Kg7 30. Qh4 Ne1 31. Qf6+ Kh7 32.
Be2 Rd2 33. Qf7+ Kh6 34. Qf6 Rb2+ 35. Kc1 Rc2+ 36. Kd1 Ng2 37. Qh8# 1-0

[Event "*** Titled Tuesday Blitz"]
[Site "Chess.com"]
[Date "2019.09.03"]
[Round "10"]
[White "tteshan"]
[Black "MarcoRiehle"]
[Result "1-0"]
[WhiteElo "2262"]
[BlackElo "2685"]
[TimeControl "180+2"]
[EndTime "17:17:35 PDT"]
[Termination "tteshan won by checkmate"]

1. d4 d5 2. c4 e6 3. Nf3 Nf6 4. g3 dxc4 5. Bg2 Bb4+ 6. Bd2 a5 7. Qc2 b5 8. a4 c6 9. Ne5 Ra6 10. axb5 cxb5 11. Bxb4 axb4 12. Rxa6 Bxa6 13. Nc6 Nxc6 14. Bxc6+ Nd7 15. Qd2 O-O 16. Qxb4 Qc7 17. Bg2 Bb7 18. O-O Bxg2 19. Kxg2 Qc6+ 20. f3 Nf6 21. e4 Nxe4 22. fxe4 Qxe4+ 23. Kg1 Qxd4+ 24. Kg2 Qe4+ 25. Kg1 Qd4+ 26.
Kg2 Qd5+ 27. Kg1 Rd8 28. Nc3 Qd4+ 29. Rf2 g6 30. Qxb5 h5 31. Qb7 Rf8 32. Qe4 Qb6 33. Qxc4 Rd8 34. Kg2 Kg7 35. Qe4 Rd7 36. Qe5+ Kh7 37. Ne4 Qb7 38. Kh3 Rd5 39. Nf6+ Kh6 40. Nxd5 exd5 41. Qh8+ Kg5 42. Qf6+ Kh6 43. Qxf7 Qc8+ 44.
Kg2 Qc6 45. Qf8+ Kh7 46. Rf7# 1-0

[Event "*** Titled Tuesday Blitz"]
[Site "Chess.com"]
[Date "2019.09.03"]
[Round "10"]
[White "MathiasWomacka"]
[Black "tbalabayev"]
[Result "1-0"]
[WhiteElo "2216"]
[BlackElo "2377"]
[TimeControl "180+2"]
[EndTime "17:17:41 PDT"]
[Termination "MathiasWomacka won by resignation"]

1. e4 c5 2. Nf3 Nc6 3. d4 cxd4 4.
Nxd4 Nf6 5. Nc3 e5 6. Ndb5 d6 7. Bg5 a6 8. Na3 b5 9. Nd5 Be7 10. Bxf6 Bxf6 11. c3 Bg5 12. Nc2 Ne7 13. h4 Bh6 14. Ncb4 O-O 15. a4 bxa4 16. Qxa4 Kh8 17. Qa5 Nxd5 18. Nxd5 Bb7 19. Qxd8 Rfxd8 20. Bc4 a5 21.
Ke2 g6 22. Ra2 f5 23. h5 Kg7 24. hxg6 hxg6 25. Nc7 Bc8 26. Nxa8 1-0

[Event "*** Titled Tuesday Blitz"]
[Site "Chess.com"]
[Date "2019.09.03"]
[Round "10"]
[White "GadimbayliA"]
[Black "IMTominho"]
[Result "0-1"]
[WhiteElo "2869"]
[BlackElo "2736"]
[TimeControl "180+2"]
[EndTime "17:17:58 PDT"]
[Termination "IMTominho won on time"]

1. e4 e5 2. Nf3 Nf6 3. d4 Nxe4 4. Bd3 d5 5. Nxe5 Nd7 6. Nxd7 Bxd7 7. O-O Bd6 8. Qh5 O-O 9. Qxd5 Nf6 10. Qxb7 Rb8 11. Qxa7 Ng4 12. h3 Nh2 13. Re1 Qh4 14. Qa5 Rfe8 15. Rxe8+ Rxe8 16. Bd2 Bxh3 17. Qb5 Kf8 18.
Qd5 Be6 19. Qe4 Ng4 20. Bf4 Qxf2+ 0-1

[Event "*** Titled Tuesday Blitz"]
[Site "Chess.com"]
[Date "2019.09.03"]
[Round "10"]
[White "przemekpiotrowski"]
[Black "Thjop"]
[Result "0-1"]
[WhiteElo "2417"]
[BlackElo "2568"]
[TimeControl "180+2"]
[EndTime "17:18:07 PDT"]
[Termination "Thjop won by resignation"]

1. d4 Nf6 2. Nf3 g6 3. g3 Bg7 4.
Bg2 O-O 5. O-O d6 6. c4 Nc6 7. Nc3 e5 8. dxe5 dxe5 9. Qxd8 Rxd8 10.
Bg5 Be6 11. b3 h6 12. Bxf6 Bxf6 13. Rfd1 e4 14. Nxe4 Bxa1 15. Rxa1 b6 16. e3 Rac8 17. h3 Kg7 18. Nc3 Nb4 19. Nd4 c5 20. Nxe6+ fxe6 21. Ne4 Rc7 22. Bf3 Nc6 23. Be2 Ne5 24. Kg2 a5 25. a3 Nd7 26. Rb1 Nf6 27. Nc3 Rd2 28.
b4 Rc2 29. Nb5 Rd7 30. bxc5 bxc5 31. Bd1 Rcd2 32. Bf3 Rc2 33. Bd1 Rxc4 34. a4 Rd2 35. Na3 Rb4 36. Rc1 Ne4 37. Bc2 Nxf2 38.
Kf1 Nxh3 39. Bd1 Nf2 40. Be2 Ne4 41. Nc4 Nxg3+ 42. Kf2 Nxe2 0-1

[Event "*** Titled Tuesday Blitz"]
[Site "Chess.com"]
[Date "2019.09.03"]
[Round "10"]
[White "Parhamov"]
[Black "Gordima"]
[Result "1-0"]
[WhiteElo "2922"]
[BlackElo "2852"]
[TimeControl "180+2"]
[EndTime "17:18:12 PDT"]
[Termination "Parhamov won by resignation"]

1. e4 e5 2. Nf3 Nc6 3. Bb5 a6 4. Ba4 Nf6 5. O-O Be7 6. Re1 b5 7. Bb3 d6 8. c3 O-O 9. d4 Bg4 10. Be3 exd4 11. cxd4 Na5 12. Bc2 c5 13. d5 Nc4 14.
Bc1 Ne5 15. Nbd2 Bh5 16. h3 Nxf3+ 17. Nxf3 Qd7 18. b3 Rae8 19. Bb2 Bd8 20. a4 Ba5 21. Re3 Bb6 22. Bxf6 gxf6 23. Qd2 c4 24. Nd4 Bg6 25. Rg3 Kh8 26. a5 cxb3 27. axb6 bxc2 28. Qxc2 Rc8 29.
Qb2 Rfe8 30. Nc6 Rxe4 31. Qxf6+ Kg8 32. Rxa6 Rce8 33. Ra7 Qc8 34. Qxf7+ 1-0

[Event "*** Titled Tuesday Blitz"]
[Site "Chess.com"]
[Date "2019.09.03"]
[Round "10"]
[White "newauto"]
[Black "saraswathii"]
[Result "0-1"]
[WhiteElo "1941"]
[BlackElo "2236"]
[TimeControl "180+2"]
[EndTime "17:18:24 PDT"]
[Termination "saraswathii won by resignation"]

1. e4 c5 2. Nf3 e6 3. c3 Nf6 4. e5 Nd5 5. d4 cxd4 6. Qxd4 Nc6 7. Qg4 Qc7 8. Qg3 Rg8 9. Nbd2 d6 10. Nc4 dxe5 11.
Be2 f6 12. Bd2 Bd7 13. O-O O-O-O 14. a4 g5 15. b4 e4 16. Ne1 Qxg3 17. fxg3 f5 18.
b5 Bc5+ 19. Kh1 Nce7 20. Nc2 h6 21. Rab1 Ng6 22. N2e3 f4 23. gxf4 gxf4 24. Ng4 Rdf8 25. Be1 h5 26. Nge5 Nxe5 27. Nxe5 Be8 28. c4 Ne3 29.
Rg1 Ng4 30. Nxg4 hxg4 31. Rf1 f3 32. gxf3 gxf3 33. Bd1 Rf7 34. Bg3 Rxg3 0-1

[Event "*** Titled Tuesday Blitz"]
[Site "Chess.com"]
[Date "2019.09.03"]
[Round "10"]
[White "wonderfultime"]
[Black "Alexander_Moskalenko"]
[Result "0-1"]
[WhiteElo "2932"]
[BlackElo "2846"]
[TimeControl "180+2"]
[EndTime "17:18:26 PDT"]
[Termination "Alexander_Moskalenko won on time"]

1. d4 Nf6 2. Nf3 e6 3. c4 d5 4. Bg5 h6 5. Bxf6 Qxf6 6. e3 c6 7. Nc3 Nd7 8. Bd3 g6 9. O-O Bg7 10. Rc1 O-O 11. Qc2 Qe7 12. Rfd1 dxc4 13. Bxc4 b6 14.
Qe2 a6 15. e4 Bb7 16. a3 b5 17. Ba2 c5 18. d5 c4 19. d6 Qf6 20. Qe3 Rfd8 21. h3 Rac8 22. Rc2 g5 23. Rcd2 Qf4 24. Qa7 Bxc3 25. bxc3 Bxe4 26. Nh2 Bd3 27.
Qxa6 Nc5 28. Qxb5 Ne4 29. g3 Qxd6 30. Qb2 Rb8 31. Qc1 Nxd2 32. Qxd2 Qxa3 33. Ng4 Kg7 34. Qe3 Qa5 35. h4 Qf5 36. f3 Bc2 37. Rd4 Bb3 38.
hxg5 hxg5 39. Qd2 Bxa2 40. Rxd8 Qb1+ 0-1

[Event "*** Titled Tuesday Blitz"]
[Site "Chess.com"]
[Date "2019.09.03"]
[Round "10"]
[White "aa175"]
[Black "chegueps"]
[Result "1-0"]
[WhiteElo "2320"]
[BlackElo "2537"]
[TimeControl "180+2"]
[EndTime "17:18:29 PDT"]
[Termination "aa175 won by resignation"]

1. d4 d6 2. Bf4 g6 3. e3 Bg7 4.
Nf3 Nd7 5. Bc4 Ngf6 6. Bxf7+ Kxf7 7. Ng5+ Kg8 8. Ne6 Qe8 9. Nxc7 Qd8 10. Nxa8 b6 11. Qf3 e5 12. dxe5 dxe5 13. Bg5 Ba6 14. Qd5+ Nxd5 15. Bxd8 Kf7 16. Nc7 Nxc7 17. Bxc7 Ke6 18.
Nc3 Rc8 19. Bxb6 Nxb6 20. O-O-O Rf8 21. Ne4 Ke7 22. Rd2 Nc4 23. Rd5 Bb7 24. Rc5 Bxe4 25. Rxc4 Bxg2 26. Rd1 Ke6 27. Rc7 Bf6 28. Rxh7 e4 29.
Rxa7 Bg5 30. Ra6+ Ke5 31. Ra5+ Kf6 32. Rd6+ Ke7 33. Rxg5 Rxf2 34. Rd2 Rf1+ 35. Rd1 Rf2 36. Rxg6 Bf3 37. Re1 Rxh2 38. a4 Rh5 39. b4 Kf7 40. Rc6 Rh6 41. Rxh6 1-0

[Event "*** Titled Tuesday Blitz"]
[Site "Chess.com"]
[Date "2019.09.03"]
[Round "10"]
[White "ferdipy"]
[Black "novocane"]
[Result "1-0"]
[WhiteElo "2179"]
[BlackElo "2173"]
[TimeControl "180+2"]
[EndTime "17:18:33 PDT"]
[Termination "ferdipy won by resignation"]

1. d4 Nf6 2. c4 e6 3. Nc3 Bb4 4. Qc2 d5 5. a3 Bxc3+ 6. Qxc3 O-O 7.
Nf3 dxc4 8. Qxc4 b6 9. Bg5 Ba6 10. Qc2 Nbd7 11. e4 Bxf1 12. Kxf1 Qe8 13. g3 c5 14. dxc5 Nxc5 15. Bxf6 gxf6 16. b4 Qb5+ 17. Kg2 Qd3 18. Qxd3 Nxd3 19. Rhd1 Rfd8 20. Rd2 Rd7 21. Rad1 Rad8 22. Kf1 Kf8 23. Ke2 Ne5 24. Nxe5 Rxd2+ 25. Rxd2 Rxd2+ 26. Kxd2 fxe5 27. Kd3 b5 28. f4 f6 29. fxe5 fxe5 30. Ke3 Kf7 31. Kf3 Kg6 32. Kg4 Kh6 33. h4 Kg6 34. h5+ Kf6 35. Kh4 Kg7 36. g4 h6 37. g5 hxg5+ 38. Kxg5 Kh7 39. Kf6 1-0

[Event "*** Titled Tuesday Blitz"]
[Site "Chess.com"]
[Date "2019.09.03"]
[Round "10"]
[White "chess3054"]
[Black "nitpicker"]
[Result "1-0"]
[WhiteElo "2485"]
[BlackElo "2259"]
[TimeControl "180+2"]
[EndTime "17:18:36 PDT"]
[Termination "chess3054 won by resignation"]

1. e4 d5 2. exd5 Qxd5 3. Nc3 Qd8 4. Bc4 Nf6 5. Nf3 h6 6. O-O Bf5 7. d4 c6 8. Bf4 e6 9. Re1 Bd6 10. Bxd6 Qxd6 11. d5 cxd5 12. Nxd5 Nxd5 13. Bxd5 Qc7 14. Nd4 O-O 15. Qf3 exd5 16. Nxf5 Qxc2 17. Rac1 Qxb2 18.
Rb1 Qf6 19. Rxb7 Nc6 20. Qxd5 Rac8 21. Qf3 Rfd8 22. h3 Ne5 23. Qe4 Rc4 24. Qxe5 Qxe5 25. Rxe5 Rd1+ 26. Kh2 Rc2 27. Re8+ Kh7 28. Rxf7 Kg6 29.
Ree7 Rxf2 30. Nh4+ 1-0

[Event "*** Titled Tuesday Blitz"]
[Site "Chess.com"]
[Date "2019.09.03"]
[Round "10"]
[White "boasovietica"]
[Black "temus_galaktionov"]
[Result "0-1"]
[WhiteElo "2437"]
[BlackElo "2592"]
[TimeControl "180+2"]
[EndTime "17:18:38 PDT"]
[Termination "temus_galaktionov won by resignation"]

1. e4 c6 2. Nf3 g6 3. d4 Bg7 4. Nc3 d6 5. h3 Nd7 6. Be3 e5 7. Qd2 Ngf6 8. Be2 O-O 9. O-O Qe7 10. dxe5 dxe5 11. Rfd1 Nc5 12. Bxc5 Qxc5 13. Qd6 Qxd6 14.
Rxd6 Re8 15. Bc4 h6 16. a4 Nd7 17. Rad1 Nf8 18. Rd8 Be6 19. Rxa8 Rxa8 20. Bxe6 Nxe6 21. Rd7 Rb8 22. Nd1 Kf8 23. a5 Nc5 24. Rc7 Bf6 25.
a6 Bd8 26. Rxb7 Nxb7 27. axb7 Bc7 28. Nd2 Rxb7 29. Nc4 Ke7 30. Kf1 a5 31. b3 f6 32.
Nc3 Ra7 33. Ke2 Bd6 34. Na4 Kd7 35. Kd3 Kc7 36. f3 Ra8 37. Ke2 Bb4 38. Kd3 Kb7 39. Ke2 Ka6 40. Kd3 Rd8+ 41. Ke2 Kb5 42. c3 Bc5 43.
Nab2 Be7 44. Na4 h5 45. g3 Bf8 46. Nab2 Bh6 47. Na3+ Ka6 48. Nc2 Rd2+ 0-1

[Event "*** Titled Tuesday Blitz"]
[Site "Chess.com"]
[Date "2019.09.03"]
[Round "10"]
[White "Mikhail_Golubev"]
[Black "joshdaruca"]
[Result "0-1"]
[WhiteElo "2446"]
[BlackElo "2734"]
[TimeControl "180+2"]
[EndTime "17:18:39 PDT"]
[Termination "joshdaruca won by resignation"]

1. e4 c5 2. Nf3 d6 3. d4 cxd4 4. Nxd4 Nf6 5. Nc3 g6 6. Be3 a6 7.
f3 h5 8. Be2 Bg7 9. O-O Nbd7 10. Qd2 O-O 11. Rad1 Ne5 12. Kh1 b5 13. f4 b4 14.
fxe5 dxe5 15. Nc6 Qxd2 16. Bxd2 bxc3 17. Bxc3 Nxe4 18. Bxe5 Bxe5 19. Nxe5 Rb8 20. Nc6 Rxb2 21. Nxe7+ Kg7 22. Nxc8 Rxc8 23. Bxa6 Rcxc2 24. Rb1 Rxa2 25. Bb7 Nd2 26. Bd5 Ra7 27. Rf2 Nxb1 28. Rxc2 Nc3 0-1

[Event "*** Titled Tuesday Blitz"]
[Site "Chess.com"]
[Date "2019.09.03"]
[Round "10"]
[White "daro94"]
[Black "YQPerez"]
[Result "0-1"]
[WhiteElo "2889"]
[BlackElo "2817"]
[TimeControl "180+2"]
[EndTime "17:18:40 PDT"]
[Termination "YQPerez won by checkmate"]

1. d4 d5 2. c4 dxc4 3. Nf3 Nf6 4. e3 a6 5. Bxc4 e6 6. O-O b5 7. Bd3 Bb7 8. a4 b4 9. b3 Nbd7 10. Bb2 c5 11. Nbd2 Be7 12. Qe2 cxd4 13. Bxd4 O-O 14. Rac1 Nd5 15. Nc4 Nc5 16. Bc2 Nc3 17. Bxc3 bxc3 18.
Rfd1 Qc7 19. b4 Nd7 20. Bxh7+ Kxh7 21. Qd3+ Kg8 22. Qxd7 Rac8 23. Qxc7 Rxc7 24. Na3 Bxb4 25. Nc2 Ba5 26. Ne5 Bd5 27. f3 Rb8 28. Nd4 Rb2 29.
e4 Ba2 30. Nd3 Rd2 31. Ne1 Bb6 32. Nc2 Bb3 33. Kf1 Bxd4 34. Ke1 Bf2+ 35. Kf1 Bc4# 0-1

[Event "*** Titled Tuesday Blitz"]
[Site "Chess.com"]
[Date "2019.09.03"]
[Round "10"]
[White "ALEXJR20"]
[Black "Everyfishknows"]
[Result "1-0"]
[WhiteElo "2240"]
[BlackElo "2249"]
[TimeControl "180+2"]
[EndTime "17:18:41 PDT"]
[Termination "ALEXJR20 won by resignation"]

1. c4 Nf6 2. Nc3 g6 3. d4 Bg7 4.
e4 d6 5. Nf3 O-O 6. Be2 e5 7.
O-O Na6 8. dxe5 dxe5 9. Qxd8 Rxd8 10. Bg5 Re8 11. Rad1 c6 12. Nxe5 Rxe5 13. Rd8+ Re8 14. Bxf6 Rxd8 15. Bxd8 Nc5 16. Be7 Bxc3 17. Bxc5 Bxb2 18.
Rd1 Be6 19. Rb1 Be5 20. Rxb7 Rd8 21. Be3 Bd4 22. Bxd4 Rxd4 23. f3 Rd2 24. Kf1 Rxa2 25. Rc7 Rc2 26. Rxc6 a5 27. Ra6 Rxe2 28. Ra8+ Kg7 29.
Kxe2 Bxc4+ 30. Ke3 1-0

[Event "*** Titled Tuesday Blitz"]
[Site "Chess.com"]
[Date "2019.09.03"]
[Round "10"]
[White "Kumi29"]
[Black "liczner"]
[Result "1-0"]
[WhiteElo "2567"]
[BlackElo "2687"]
[TimeControl "180+2"]
[EndTime "17:18:46 PDT"]
[Termination "Kumi29 won on time"]

1. d4 Nf6 2. Bg5 e6 3. e4 h6 4. Bxf6 Qxf6 5. c3 d5 6. Nd2 c5 7. Ngf3 Nc6 8. Bb5 cxd4 9. Nxd4 Bd7 10. O-O Bd6 11. exd5 Qe5 12. N2f3 Qxd5 13. c4 Qh5 14.
Nxc6 bxc6 15. Qxd6 cxb5 16. Ne5 O-O-O 17. cxb5 Kb7 18.
Nxd7 Qxb5 19. Rfd1 Rc8 20. Rac1 Rhd8 21. Nc5+ Qxc5 22. Qf4 Rxd1+ 23. Rxd1 Rc7 24. h3 Qc4 25. Qf3+ Qc6 26. Qg3 g6 27. Rd3 Ka8 28. Rc3 Qxg2+ 29. Kxg2 1-0

[Event "*** Titled Tuesday Blitz"]
[Site "Chess.com"]
[Date "2019.09.03"]
[Round "10"]
[White "JakeCarlosBanawa"]
[Black "Bishops83"]
[Result "1-0"]
[WhiteElo "2443"]
[BlackElo "2220"]
[TimeControl "180+2"]
[EndTime "17:18:47 PDT"]
[Termination "JakeCarlosBanawa won on time"]

1. d4 d5 2. c4 e6 3. Nc3 c6 4. e4 dxe4 5. Nxe4 Bb4+ 6. Bd2 Qxd4 7. Bxb4 Qxe4+ 8. Be2 Qxg2 9. Bf3 Qg5 10. h4 Qf4 11. Nh3 Qxc4 12. Qd6 Nd7 13. Ng5 c5 14. Bc3 Ngf6 15. Rg1 h6 16. Be2 Qd5 17. Nxf7 Kxf7 18. Qg3 Rg8 19. Rd1 Qf5 20. Bd3 Ne4 21. Qe3 Ndf6 22.
f3 Qh3 23. Bxe4 e5 24. Qf2 Be6 25. Bxe5 1-0

[Event "*** Titled Tuesday Blitz"]
[Site "Chess.com"]
[Date "2019.09.03"]
[Round "10"]
[White "Caisachess"]
[Black "adriangschnitzer"]
[Result "1-0"]
[WhiteElo "2302"]
[BlackElo "2501"]
[TimeControl "180+2"]
[EndTime "17:18:51 PDT"]
[Termination "Caisachess won by resignation"]

1. e4 c6 2. d4 d5 3. exd5 cxd5 4.
Bd3 Nc6 5. c3 g6 6. h3 Bg7 7.
Nf3 Bf5 8. O-O e6 9. Na3 Nf6 10. Nc2 O-O 11. Bg5 h6 12. Bf4 g5 13. Bh2 Ne4 14.
Re1 Bg6 15. Ne5 Nxe5 16. dxe5 f5 17. exf6 Qxf6 18. f3 Nc5 19. Be5 Nxd3 20. Bxf6 Rxf6 21. Re2 Nxb2 22. Qb1 Nc4 23. Qxb7 Raf8 24. Nd4 R6f7 25. Qa6 Bd3 26. Rxe6 Ne5 27. Qa5 Bc4 28. Re1 Nd3 29.
R1e3 h5 30. Re8 g4 31. Rxf8+ Bxf8 32. hxg4 hxg4 33. Qd8 g3 34. Ne6 Nc1 35. Qg5+ Bg7 36. Nxg7 Ne2+ 37. Rxe2 Bxe2 38. Nf5+ Kh7 39. Qh6+ Kg8 40.
Qg6+ Kf8 41. Nd6 Rf6 42. Qxf6+ 1-0

[Event "*** Titled Tuesday Blitz"]
[Site "Chess.com"]
[Date "2019.09.03"]
[Round "10"]
[White "chessdjw"]
[Black "Iustin106"]
[Result "1-0"]
[WhiteElo "2677"]
[BlackElo "2502"]
[TimeControl "180+2"]
[EndTime "17:18:52 PDT"]
[Termination "chessdjw won by resignation"]

1. d4 Nf6 2. c4 e6 3. g3 d5 4. Bg2 dxc4 5. Qa4+ Nbd7 6. Qxc4 c5 7. Nf3 a6 8. Qc2 b5 9. Ne5 Nd5 10. Bxd5 exd5 11.
Nxd7 Qxd7 12. dxc5 Qc6 13. f3 Qxc5 14. Qxc5 Bxc5 15.
Nd2 h5 16. Nb3 Bb6 17. Bd2 a5 18. Bc3 a4 19. Bxg7 Rg8 20. Bd4 axb3 21. Bxb6 Rxa2 22.
Kf2 Bf5 23. Bd4 Kd7 24. Rac1 Bc2 25. h3 f5 26. Rcg1 Ra4 27. e3 Ra6 28. Ke1 Rag6 29.
Be5 Kc6 30. Kd2 Kc5 31. Ra1 Kc4 32. Ra7 Rc6 33. Rha1 Rgg6 34. Rb7 b4 35. Ra5 Rge6 36. Bd4 1-0

[Event "*** Titled Tuesday Blitz"]
[Site "Chess.com"]
[Date "2019.09.03"]
[Round "10"]
[White "Walter_White_Poland"]
[Black "RU_B9"]
[Result "0-1"]
[WhiteElo "2290"]
[BlackElo "1751"]
[TimeControl "180+2"]
[EndTime "17:18:58 PDT"]
[Termination "RU_B9 won by resignation"]

1. e4 c5 2. Nf3 g6 3. c4 Nc6 4. d4 cxd4 5. Nxd4 Bg7 6. Be3 Nf6 7. Nc3 O-O 8. Be2 d6 9. Qd2 Ng4 10. Bxg4 Bxg4 11. f3 Bd7 12. O-O a6 13. Rac1 Rc8 14. b3 Re8 15. a4 Qa5 16. Rfd1 Nxd4 17. Bxd4 Bxd4+ 18. Qxd4 b5 19. cxb5 axb5 20. b4 Qc7 21. axb5 Qc4 22. b6 Qxd4+ 23. Rxd4 Rb8 24. Nd5 Be6 25.
Nc7 Rec8 26. Rc6 Rb7 27. Rdc4 Bxc4 28. Rxc4 Rxb6 29. b5 Rb7 30. b6 Rxb6 0-1

[Event "*** Titled Tuesday Blitz"]
[Site "Chess.com"]
[Date "2019.09.03"]
[Round "10"]
[White "goofypenguin96"]
[Black "TomPolgar"]
[Result "1-0"]
[WhiteElo "2280"]
[BlackElo "2304"]
[TimeControl "180+2"]
[EndTime "17:19:06 PDT"]
[Termination "goofypenguin96 won on time"]

1. e4 c5 2. Nf3 Nc6 3. d4 cxd4 4.
Nxd4 g6 5. Nc3 Bg7 6. Be3 Nf6 7. Bc4 O-O 8. Bb3 a5 9. O-O Nxd4 10. Bxd4 d6 11.
Re1 Bd7 12. a4 Bc6 13. Nd5 Nd7 14. Bxg7 Kxg7 15. Qd4+ Kg8 16. Rad1 Nc5 17. e5 Nxb3 18.
cxb3 dxe5 19. Qxe5 Bxd5 20. Rxd5 Qb6 21. Rb5 Qc6 22. Rxa5 Rxa5 23. Qxa5 e6 24. h3 Rc8 25. Qe5 Qc2 26. Re3 Qc1+ 27. Kh2 Qd1 28. Rc3 Rd8 29. Qf4 Qd5 30. Rc7 e5 31. Qf3 e4 32.
Qf6 Rf8 33. b4 Qb3 34. Rxb7 Qxa4 35. b5 Qb4 36. b6 e3 37. fxe3 Qb3 38. Re7 Rb8 39.
b7 Qb4 40. Qe5 Rf8 41. Rc7 Qb6 42. Qe7 Qb5 43. Rc8 1-0

[Event "*** Titled Tuesday Blitz"]
[Site "Chess.com"]
[Date "2019.09.03"]
[Round "10"]
[White "Kazmin_Dmitrij"]
[Black "LastHeroJr"]
[Result "0-1"]
[WhiteElo "2284"]
[BlackElo "2492"]
[TimeControl "180+2"]
[EndTime "17:19:08 PDT"]
[Termination "LastHeroJr won by resignation"]

1. e4 Nc6 2. d4 d6 3. d5 Nb8 4. c4 Nf6 5. Nc3 g6 6. Nf3 Bg7 7. Be2 O-O 8. O-O c6 9. h3 a6 10. Bg5 Nbd7 11. Qd2 Nc5 12. Bd3 cxd5 13. cxd5 b5 14.
b4 Na4 15. Nxa4 bxa4 16. Rac1 Bd7 17. Rfe1 Qb6 18. a3 a5 19. b5 Rac8 20. Rc6 Bxc6 21.
dxc6 Qc5 22. e5 dxe5 23. Rxe5 Qxa3 24. Bf1 Qb4 25. Qc1 a3 26. Bd2 Qb2 27. Qe1 Nd5 28.
Rxd5 a2 29. Bc3 Bxc3 30. Qxe7 a1=Q 31. Ng5 Qxf1+ 32. Kxf1 Qc1+ 33. Ke2 Qe1+ 34. Kf3 Qxe7 0-1